AoeStats
← blueshell

Arabia

508771593Analyzed
1v1 RM · 9d ago on Sep 24, 2026· 42m 33s· 2 players
Game mode
Random Map
Map size
Tiny (2 player)
Population
200
Speed
Normal
Resources
Standard
Victory
Conquest
Starting age
Dark Age
Ending age
Imperial Age
RankedLock teamsTeams togetherTeam positionsShared explorationLock speedFull tech treeHidden civsTurbo modeCheats
Victory
Defeat
🇧🇷 Burgundians · Brazil
733
+17
🇺🇸 Saxons · United States
751
-17
Leohpg
5:53 Double-Bit Axe
6:53 Loom
9:55 Feudal Age
11:22 Bow Saw
14:36 Forging
18:38 Wheelbarrow
18:26 Gold Mining
18:26 Horse Collar
19:47 Gold Shaft Mining
19:18 Heavy Plow
22:08 Castle Age
26:31 Scale Barding Armor
32:27 Iron Casting
34:10 Cavalier
35:59 Husbandry
37:13 Crop Rotation
37:40 Fletching
38:28 Elite Skirmisher
38:45 Elite Skirmisher
39:26 Bodkin Arrow
41:48 Stone Mining
43:26 Chain Barding Armor
blueshell
12:31 Feudal Age
17:52 Fletching
18:39 Arson
18:17 Man-at-Arms
21:13 Castle Age
19:00 Arson
19:35 Forging
19:32 Man-at-Arms
22:15 Gold Mining
22:17 Stone Mining
22:14 Double-Bit Axe
23:58 Wheelbarrow
27:03 Long Swordsman
27:08 Pikeman
27:33 Gambesons
27:48 Squires
33:50 Scale Mail Armor
35:04 Bow Saw
34:37 Horse Collar
Connection lost

Rejoining the realm…

Still unreachable

The connection could not be restored.

Session expired

The server has moved on; the page needs a fresh start.